cohdb
Replays
Latest Replays
All Replays
Popular Replays
Top Player Replays
Match Explorer
How It Works
Community
CoH3 Stats
Reddit
Sign in to upload your games and track your stats! →
Sign in with Steam
Match 45599335
Unlisted
Match 45599335
Overview
Messages
Build Orders
End
Construct Barracks
Selects Advanced Infantry Battlegroup
Riflemen Squad
Riflemen Squad
Riflemen Squad
Infantry Support Center
Construct Weapon Support Center
Selects Ammunition Storage
Selects Convert to Ranger Squad
Ranger Squad
Selects Frontline Medical Station
Frontline Medical Station
Construct Motor Pool
Selects Ranger Weapon Training
M1 Anti-tank Gun Team
RUKAclDCッ
Chicken
Cpt Darling
jwalker987
0
0
Comments
sign in to comment!
No comments posted yet!